 Dungeon Crawl Stone Soup version 0.30-b1-2-g02819fbbbe (webtiles) character file.

Game seed: 7931238410034507845

405 Alarkh the Insei (level 6, -13/47 HPs)
             Began as a Demonspawn Delver on May 22, 2023.
             Mangled by an ogre
             ... wielding a +0 giant club
              (30 damage)
             ... on level 4 of the Dungeon.
             The game lasted 00:05:07 (2404 turns).

Alarkh the Insei (Demonspawn Delver)                Turns: 2404, Time: 00:05:07

Health: -13/47     AC:  4    Str: 12    XL:     6   Next: 56%
Magic:  6/6        EV: 11    Int: 13    God:
Gold:   65         SH:  0    Dex: 15    Spells: 5/5 levels left

rFire   . .          .
                       - Unarmed
rCold   . . .        (no shield)
rNeg    . . .        a - +0 leather armour
rPois   .            (no helmet)
rElec   .            y - +0 cloak
rCorr   .            (no gloves)
SInv    .            (no boots)
Will    .....        g - amulet of regeneration
Stlth   +++          (no ring)
HPRegen 1.07/turn    (no ring)
MPRegen 0.10/turn

%: no passive effects
@: no status effects
A: powered by death 1
a: no special abilities


You were on level 4 of the Dungeon.
You visited 1 branch of the dungeon, and saw 5 of its levels.

You collected 218 gold pieces.
You spent 153 gold pieces at shops.

Inventory:

Missiles
 h - 5 poisoned darts (quivered)
Armour
 a - a +0 leather armour (worn)
 u - a +0 kite shield
 y - a +0 cloak (worn)
 z - the +1 ring mail "Coduumal" {Harm *Corrode +Inv rPois}
   (You bought it in a shop on level 1 of the Dungeon)

   rPois:     It protects you from poison.
   +Inv:      It lets you turn invisible.
   *Corrode:  It may corrode you when you take damage.
   Harm:      It increases damage dealt and taken.
Jewellery
 g - an amulet of regeneration (around neck)
 n - a ring of protection from fire
 t - a ring of wizardry
Wands
 f - a wand of digging (3)
 i - a wand of flame (11)
 l - a wand of paralysis (6)
Scrolls
 b - 2 scrolls of fog
 c - 2 scrolls of magic mapping
 d - a scroll of fear
 k - 3 scrolls of immolation
 m - a scroll of noise {unknown}
 s - a scroll of blinking {unknown}
 v - a scroll of teleportation
 x - a scroll of torment {unknown}
 B - a scroll of identify {unknown}
 D - a scroll of butterflies {unknown}
Potions
 e - a potion of haste
 j - a potion of heal wounds {unknown}
 o - a potion of brilliance {unknown}
 p - a potion of degeneration {unknown}
 q - 3 potions of might {unknown}
 r - a potion of cancellation {unknown}
 w - a potion of curing {unknown}
 A - 2 potions of flight {unknown}
 C - a potion of berserk rage {unknown}
 E - a potion of resistance {unknown}


   Skills:
 - Level 3.0 Fighting
 - Level 1.7 Dodging
 - Level 4.5 Stealth
 + Level 6.5 Unarmed Combat


You had 5 spell levels left.
You didn't know any spells.
Your spell library was empty.

Dungeon Overview and Level Annotations

Branches:
Dungeon (5/15)
 Temple: D:4-7

Altars:
Gozag
Sif Muna
Vehumet

Shops:
D:1 *:[


Innate Abilities, Weirdness & Mutations

You regenerate a little health from kills.


Message History

You climb downwards.
Found a stone staircase leading down.
There is a stone staircase leading up here.
Found a whip.
You now have 65 gold pieces (gained 6).
Found a stone staircase leading up.
E - a bubbling dark potion A hobgoblin comes into view.
Found 3 poisoned darts.
An ogre comes into view. It is wielding a +0 giant club.
The helpless hobgoblin fails to defend itself.
You punch the hobgoblin!
You kill the hobgoblin!
The ogre hits you with a +0 giant club!
You hit the ogre.
The ogre is lightly wounded.
You punch the ogre! You punch the ogre.
The ogre is heavily wounded.
The ogre barely misses you.
You hit the ogre.
The ogre is heavily wounded.
The ogre completely misses you.
You hit the ogre but do no damage. You punch the ogre.
The ogre is severely wounded.
You barely miss the ogre.
The ogre is severely wounded.
The ogre hits you with a +0 giant club.
Aiming: Throw Flame
Press: ? - help, Shift-Dir - straight line, f - ogre
Aim: an ogre, wielding a +0 giant club (severely wounded, 85% to hit)
The puff of flame hits the ogre.
The ogre is almost dead.
You hit the ogre but do no damage.
The ogre is almost dead.
The ogre hits you with a +0 giant club!!
A phantom comes into view.
The ogre attacks as you move away!
The ogre hits you with a +0 giant club!!
Ouch! That really hurt!
You die...

###....## ....
#.......#####.... ...
....
##..#.......(....#....
....
##...#............#....
....
#......)...............
....
##.......##.##..<.......
....
#........###............
....
.......................W
....
................@...##
....#......##..O.....#
..#####....###....#..#
.<.# #....##..#### ...#
...# #..#####.# #.# #..#
#... ... # ...# #...
.... .... #..# ......
..#.# #.. .#.#


You could see an ogre and a phantom (dormant).

Vanquished Creatures
  Grinder (D:3)
  A black bear (D:3)
  2 gnolls
  4 adders
  3 worms
  4 dart slugs
  3 bats
  11 endoplasms
  3 giant cockroaches
  3 goblins
  4 hobgoblins
  3 jackals (D:2)
  6 kobolds
  2 quokkas (D:4)
  6 ball pythons
  7 rats
63 creatures vanquished.

Notes
Turn   | Place    | Note
-------+----------+-------------------------------------------
     0 | D:5      | Alarkh the Demonspawn Delver began the quest for the Orb.
     0 | D:5      | Reached XP level 1. HP: 18/18 MP: 1/1
    28 | D:4      | Noticed a jelly
    37 | D:5      | Noticed an iguana
    42 | D:5      | Noticed a hound
    77 | D:4      | Reached skill level 2 in Unarmed Combat
   221 | D:3      | Found a radiant altar of Vehumet.
   260 | D:3      | Gained mutation: You regenerate a little health from kills.
                  | [demonic ancestry]
   260 | D:3      | Reached XP level 2. HP: 24/24 MP: 2/2
   410 | D:3      | Reached skill level 3 in Unarmed Combat
   460 | D:3      | Reached XP level 3. HP: 29/29 MP: 3/3
   472 | D:3      | Noticed Grinder
   509 | D:3      | Killed Grinder
   510 | D:3      | Reached skill level 5 in Unarmed Combat
   510 | D:3      | Reached XP level 4. HP: 34/35 MP: 4/4
   510 | D:3      | Reached XP level 5. HP: 40/41 MP: 5/5
   794 | D:1      | Found Uphaejado's Antique Armour Emporium.
   933 | D:1      | Found Siklaigi's General Store.
  1016 | D:1      | Found Lisuji's Book Shoppe.
  1192 | D:1      | Reached XP level 6. HP: 40/47 MP: 6/6
  1321 | D:1      | Bought a dazzling ring mail for 153 gold pieces
  1321 | D:1      | Identified the +1 ring mail "Coduumal" {Harm *Corrode +Inv
                  | rPois} (You bought it in a shop on level 1 of the Dungeon)
  1599 | D:2      | Found an opulent altar of Gozag.
  1786 | D:3      | Reached skill level 6 in Unarmed Combat
  2143 | D:3      | Found a shimmering blue altar of Sif Muna.
  2404 | D:4      | Mangled by an ogre

Illustrated notes

Levels and vault maps discovered:
D:1:      eino_arrival_tree_alley, layout_rooms, serial_shops, shop, shop,
          nicolae_shop_temple_entry_statues_fountains, hex_medium,
          minmay_three_crescents
D:2:      layout_rooms, basic_altar
D:3:      layout_basic, vehumet_altar_wand_db, nicolae_sif_muna_little_library,
          minmay_misc_feat_secret_circle, minivault_24, grunt_ministairs_5,
          minmay_increasing_density, uniq_grinder
D:4:      layout_cave_pools, grunt_tough_drop
D:5:      layout_rooms, serial_shops, nicolae_shop_statue_plus,
          gammafunk_ghost_nasty_kobolds, uniq_pikel

Skill      XL: |  1  2  3  4  5  6 |
---------------+-------------------+-----
Unarmed Combat | 2 3 5 6 |  6.5
Fighting       | |  3.0
Dodging        | |  1.7
Stealth        | |  4.5

Action                     |  1- 3 |  4- 6 || total
---------------------------+-------+-------++-------
  Melee: Unarmed           |    81 |   159 ||   240
         Punch             |     4 |     6 ||    10
  Throw: Dart              |     3 |     2 ||     5
  Evoke: Wand              |     6 |     4 ||    10
    Use: Scroll            |       |     2 ||     2
   Stab: Sleeping          |     3 |     9 ||    12
         Paralysed         |     8 |     3 ||    11
 Armour: Leather armour    |    14 |    41 ||    55
  Dodge: Dodged            |    52 |    72 ||   124
